 Dungeon Crawl Stone Soup version 0.24-a0-445-gd5110b030a (webtiles) character file.

Game seed: 5724676403502070314

8444 Krouwed the Cleaver (level 11, -16/86 HPs)
             Began as a Human Fighter on June 22, 2019.
             Was an Elder of Yredelemnul.
             Killed from afar by Fannar (32 damage)
             ... with a bolt of cold
             ... on level 1 of the Lair of Beasts.
             The game lasted 01:01:41 (13388 turns).

Krouwed the Cleaver (Human Fighter)                Turns: 13388, Time: 01:01:47

Health: -16/86     AC: 18    Str: 19    XL:     11   Next: 55%
Magic:  12/14      EV: 12    Int:  9    God:    Yredelemnul [****..]
Gold:   204        SH: 11    Dex: 18    Spells: 10/10 levels left

rFire    . . .     SeeInvis .   I - +0 broad axe
rCold    . . .     Gourm    .   c - +0 shield
rNeg     + . .     Faith    .   H - +3 chain mail {rN+}
rPois    +         Spirit   .   (no helmet)
rElec    .         Reflect  .   K - +0 cloak {rPois}
rCorr    .         Harm     .   q - +0 pair of gloves
MR       .....                  N - +1 pair of boots
Stlth    ..........             G - amulet of the acrobat
HPRegen  0.24/turn              k - ring of wizardry
MPRegen  0.14/turn              v - ring of flight

@: agile
A: no striking features
a: Recall Undead Slaves, Injury Mirror, Animate Dead, Drain Life, Renounce
Religion, Evoke Flight


You were on level 1 of the Lair of Beasts.
You worshipped Yredelemnul.
Yredelemnul was greatly pleased with you.
You were very hungry.

You visited 3 branches of the dungeon, and saw 12 of its levels.
You also visited: Bailey.

You collected 480 gold pieces.
You spent 276 gold pieces at shops.

Inventory:

Hand Weapons
 w - the +5 mace of Impermanence {crush, rElec Int-5 Dex+4}
   (You took it off an orc wizard on level 4 of the Dungeon)

   It inflicts extra damage upon your enemies.
   It affects your intelligence (-5).
   It affects your dexterity (+4).
   It insulates you from electricity.
 I - a +0 broad axe (weapon)
Missiles
 t - 3 poisoned darts (quivered)
 L - 5 curare-tipped darts
Armour
 c - a +0 shield (worn)
 q - a +0 pair of gloves (worn)
 B - the +0 helmet of Blue Skies {rF+ rC- Str+3 SInv}
   (You found it on level 10 of the Dungeon)

   It affects your strength (+3).
   It protects you from fire.
   It makes you vulnerable to cold.
   It lets you see invisible.
 C - a +2 cloak
 H - a +3 chain mail of positive energy (worn)
 K - a +0 cloak of poison resistance (worn)
 N - a +1 pair of boots (worn)
Jewellery
 k - a ring of wizardry (left hand)
 v - a ring of flight (right hand)
 G - an amulet of the acrobat (around neck)
Wands
 b - a wand of digging (2)
 u - a wand of enslavement (6)
 y - a wand of flame (13)
 O - a wand of scattershot (5)
Scrolls
 a - a scroll of enchant armour {unknown}
 d - a scroll of amnesia
 g - a scroll of immolation {unknown}
 i - 3 scrolls of teleportation {unknown}
 l - 3 scrolls of blinking {unknown}
 m - 4 scrolls of random uselessness
 o - 5 scrolls of remove curse
 p - 6 scrolls of fog {unknown}
 A - 3 scrolls of enchant weapon {unknown}
 E - a scroll of magic mapping {unknown}
Potions
 e - 3 potions of lignification
 h - 2 potions of magic
 j - 8 potions of curing
 n - a potion of mutation
 s - a potion of ambrosia
 x - 2 potions of invisibility {unknown}
 z - 2 potions of brilliance
 D - 2 potions of haste {unknown}
Comestibles
 f - 21 rations


   Skills:
 - Level 8.0 Fighting
 + Level 10.6 Axes
 - Level 8.0 Armour
 - Level 2.0 Dodging
 - Level 8.0 Shields
 + Level 5.1 Invocations


You had 10 spell levels left.
You didn't know any spells.
Your spell library contained the following spells:

 Spells                   Type           Power        Failure   Level  Hunger
 Corona                   Hex            #......      96%         1    ##.....
 Ensorcelled Hibernation  Hex/Ice        #.....       99%         2    ###....
 Confuse                  Hex            #.......     100%        3    ####...
 Dazzling Spray           Conj/Hex       #.....       100%        3    ####...
 Tukima's Dance           Hex            #.......     100%        3    ####...


Dungeon Overview and Level Annotations

Branches:
Dungeon (10/15)            Temple (1/1) D:6            Lair (1/6) D:10
    Orc (0/2) D:10

Altars:
Ashenzari
Cheibriados
Dithmenos
Elyvilon
Fedhas
Gozag
Hepliaklqana
Kikubaaqudgha
Makhleb
Nemelex Xobeh
Okawaru
Qazlal
Ru
Sif Muna
Trog
Uskayaw
Vehumet
Wu Jian
Xom
Yredelemnul
Zin
The Shining One
Beogh

Shops:
D:5 }[[?[   D:6 =%%}   D:8 !=(!}   D:10 [

Annotations:
Lair:1 Fannar, Gastronok


Message History

You completely miss Fannar.
Your flying skull hits Fannar but does no damage.
Fannar closely misses you.
Your hippogriff zombie misses Fannar. x2
Your hippogriff zombie barely misses Fannar.
Your flying skull hits Fannar but does no damage.
Gastronok bites you but does no damage.
You slash Gastronok!
Gastronok is moderately wounded.
You closely miss Fannar.
Your flying skull closely misses Fannar.
Fannar gestures at you while chanting. The bolt of cold hits you!!
* * * LOW HITPOINT WARNING * * *
Your hippogriff zombie misses Fannar.
Your hippogriff zombie barely misses Fannar.
Your hippogriff zombie misses Fannar.
Your flying skull hits Fannar.
Fannar gestures at you while chanting. The bolt of cold hits you!!
You die...
Your body rises from the dead as a mindless zombie.

. .# # . .# ..
#+. .# #P.
##.##.# # #
##..##P.#..#P#.#
.......Z.......#
....?.ez.......#
......w@<......#
#..............#
#..########.#..#
# .# # #


You could see Gastronok, Fannar, a friendly flying skull and a friendly
hippogriff zombie.

Vanquished Creatures
  Maurice (D:8)
  A troll (D:10)
  Grinder (D:5)
  2 hippogriffs (D:7)
  Sigmund (D:5)
  3 yaks
  A basilisk (D:10)
  A steam dragon (D:10)
  A hungry ghost (D:6)
  Duvessa (D:4)
  Edmund (D:5)
  15 orc warriors
  6 sky beasts
  4 black bears
  An ice beast (D:9)
  2 phantoms
  5 ogres
  3 centaurs
  2 crocodiles
  5 bullfrogs
  Dowan (D:5)
  4 scorpions
  2 killer bees (D:10)
  5 howler monkeys
  2 crimson imps
  A centaur skeleton (D:7)
  4 hounds
  2 orc priests
  A bullfrog skeleton (D:4)
  4 iguanas
  2 jellies
  6 worker ants
  14 orc wizards
  A hound zombie (D:10)
  A hound skeleton (D:7)
  A howler monkey zombie (D:6)
  A worker ant zombie (D:7)
  16 gnolls
  11 adders
  3 oozes
  An adder zombie (D:8)
  4 adder skeletons
  4 dart slugs
  7 leopard geckos
  63 orcs
  6 giant cockroaches
  22 hobgoblins
  20 jackals
  9 quokkas
  10 bats
  3 frilled lizards
  29 goblins
  10 kobolds
  4 rats
  A plant (D:10)
332 creatures vanquished.

Vanquished Creatures (collateral kills)
  A hippogriff (Lair:1)
  A basilisk (D:10)
  An orc warrior (Bailey)
  2 crocodiles (D:10)
  A killer bee (D:10)
  An iguana (D:10)
  A gnoll (Bailey)
  A goblin (Bailey)
  A plant (D:10)
10 creatures vanquished.

Vanquished Creatures (others)
  A flying skull (Lair:1)
  A mummy (Bailey)
  A gnoll (Bailey)
  2 orc zombies (Bailey)
  2 gnoll zombies (Bailey)
  2 goblin zombies (Bailey)
  3 fungi (D:10)
12 creatures vanquished.

Grand Total: 354 creatures vanquished

Notes
Turn   | Place    | Note
-------+----------+-------------------------------------------
     0 | D:1      | Krouwed the Human Fighter began the quest for the Orb.
     0 | D:1      | Reached XP level 1. HP: 18/18 MP: 1/1
    90 | D:1      | Reached XP level 2. HP: 6/24 MP: 2/2
   459 | D:1      | Found a sparkling altar of Nemelex Xobeh.
   757 | D:1      | Reached XP level 3. HP: 26/29 MP: 3/3
  1051 | D:2      | Reached skill level 1 in Dodging
  1265 | D:2      | Reached XP level 4. HP: 19/35 MP: 4/4
  1809 | D:2      | Reached skill level 3 in Axes
  1838 | D:2      | Reached XP level 5. HP: 21/41 MP: 5/5
  2786 | D:2      | Reached XP level 6. HP: 27/48 MP: 6/6
  2983 | D:3      | Found a snail-covered altar of Cheibriados.
  3421 | D:4      | Reached skill level 4 in Axes
  3454 | D:4      | Noticed an ogre
  3474 | D:3      | Killed an ogre
  3726 | D:4      | Reached XP level 7. HP: 53/54 MP: 7/7
  3804 | D:4      | Got a coiled platinum ring
  3805 | D:4      | Identified the cursed ring "Hosygesch" {rF- rC+ EV-3 Str+4}
                  | (You found it on level 4 of the Dungeon)
  3890 | D:4      | Identified the +5 mace of Impermanence {crush, rElec Int-5
                  | Dex+4}
  4295 | D:5      | Entered Level 5 of the Dungeon
  4295 | D:5      | Noticed Edmund
  4409 | D:5      | Reached skill level 5 in Axes
  4413 | D:5      | Noticed Dowan
  4456 | D:5      | Killed Dowan
  4491 | D:5      | Noticed Duvessa
  4500 | D:4      | Reached XP level 8. HP: 34/61 MP: 8/8
  4647 | D:4      | Killed Duvessa
  4862 | D:5      | Reached skill level 5 in Armour
  4910 | D:5      | Reached skill level 5 in Fighting
  4910 | D:5      | Reached skill level 6 in Axes
  4910 | D:5      | Reached skill level 5 in Shields
  4942 | D:5      | Noticed Grinder
  5200 | D:5      | Paralysed by Grinder for 2 turns
  5208 | D:5      | Paralysed by Grinder for 2 turns
  5500 | D:5      | Paralysed by Grinder for 5 turns
  5517 | D:5      | Killed Grinder
  5517 | D:5      | Reached XP level 9. HP: 54/68 MP: 9/9
  5543 | D:5      | Found Oshruk's Magic Scroll Boutique.
  5606 | D:5      | Noticed Sigmund
  5667 | D:5      | Killed Sigmund
  5667 | D:5      | Reached skill level 7 in Axes
  5672 | D:5      | Killed Edmund
  5949 | D:5      | Found Hotud's Armour Emporium.
  5977 | D:5      | Found a shimmering altar of Xom.
  6006 | D:5      | Bought a scroll of identify for 28 gold pieces
  6006 | D:5      | Bought a scroll of remove curse for 42 gold pieces
  6006 | D:5      | Bought a scroll of identify for 28 gold pieces
  6034 | D:5      | Found Teats's Antique Armour Shoppe.
  6052 | D:5      | Found Hiluru's Antique Armour Shop.
  6180 | D:5      | Found Piler's Gadget Shop.
  6359 | D:6      | Found a staircase to the Ecumenical Temple.
  6368 | Temple   | Entered the Ecumenical Temple
  6446 | Temple   | Became a worshipper of Yredelemnul the Dark
  6555 | D:6      | Found Iloidig's Gadget Shop.
  6596 | D:6      | Found Doatuch's Food Boutique.
  6607 | D:6      | Found a white marble altar of Elyvilon.
  7069 | D:6      | Found Yraoqioxt's Jewellery Shoppe.
  7218 | D:6      | Found Kogapelu's Food Shoppe.
  7255 | D:6      | Reached * piety under Yredelemnul
  7256 | D:6      | Reached skill level 8 in Axes
  7788 | D:6      | Reached XP level 10. HP: 77/77 MP: 10/10
  8068 | D:7      | Reached skill level 1 in Invocations
  8492 | D:7      | Found a bloodstained altar of Trog.
  8685 | D:7      | Reached skill level 9 in Axes
  9000 | D:8      | Found Joiggisch's Jewellery Shoppe.
  9005 | D:8      | Found Wusch's Distillery.
  9080 | D:8      | Bought a potion of heal wounds for 70 gold pieces
  9080 | D:8      | Bought a potion of might for 56 gold pieces
  9114 | D:8      | Found Wiebbin's Gadget Boutique.
  9129 | D:8      | Noticed Maurice
  9330 | D:8      | Reached ** piety under Yredelemnul
  9338 | D:8      | Found Lunuqig's Distillery.
  9487 | D:8      | Found Idagacue's Weapon Shoppe.
  9490 | D:8      | Bought a +0 broad axe for 52 gold pieces
  9614 | D:8      | Killed Maurice
  9777 | D:8      | Found a shimmering altar of Xom.
  9822 | D:9      | Found an ornate altar of the Wu Jian Council.
 10376 | D:9      | Found a flagged portal.
 10382 | Bailey   | Entered a bailey
 10502 | Bailey   | Reached *** piety under Yredelemnul
 10558 | Bailey   | Reached XP level 11. HP: 45/84 MP: 13/13
 10856 | Bailey   | Received a gift from Yredelemnul (a mummy)
 10966 | Bailey   | Noticed an orc warlord
 10999 | Bailey   | Reached skill level 10 in Axes
 11053 | Bailey   | Identified the ring "Imnuic" {+Inv MR+ Str+2}
 11618 | D:10     | Entered Level 10 of the Dungeon
 11923 | D:10     | Found a roughly hewn altar of Beogh.
 11923 | D:10     | Found a staircase to the Orcish Mines.
 11952 | D:10     | Reached **** piety under Yredelemnul
 12761 | D:10     | Found a staircase to the Lair.
 12763 | D:10     | Got a pitted helmet
 12764 | D:10     | Identified the +0 helmet of Blue Skies {rF+ rC- Str+3 SInv}
                  | (You found it on level 10 of the Dungeon)
 12821 | D:10     | Received a gift from Yredelemnul (2 flying skulls)
 12935 | D:10     | Reached skill level 5 in Invocations
 12979 | D:10     | Found Hatapluxi's Antique Armour Shoppe.
 13370 | Lair:1   | Entered Level 1 of the Lair of Beasts
 13370 | Lair:1   | Noticed Fannar
 13372 | Lair:1   | Noticed Gastronok
 13388 | Lair:1   | Killed from afar by Fannar

Levels and vault maps discovered:
D:1:      dpeg_arrival_erosion, layout_loops_ring,
          nemelex_xobeh_ov_fountains_minmay
D:2:      layout_loops_corners
D:3:      layout_rooms, kennysheep_slug_shrine, first_ration
D:4:      layout_basic
D:5:      layout_cave_pools, basic_altar, serial_shops,
          nicolae_shop_behind_doors,
          nicolae_shop_temple_entry_statues_fountains, shop,
          kennysheep_mini_moat, kennysheep_mini, chequers_serial_rivers_micro_d,
          uniq_grinder, uniq_duvessa, uniq_edmund, uniq_sigmund
D:6:      layout_loops_ring, elyvilon_altar_5, lemuel_temple_firewalk_b,
          serial_shops, shop, nicolae_shop_trees, nicolae_shop_behind_doors,
          shop_fountains
D:7:      layout_gridville, trog_ov_bears_minmay
D:8:      layout_loops_ring, kennysheep_little_box, serial_shops, shop,
          nicolae_shop_window_shopping, nicolae_shop_waterfront,
          nicolae_shop_behind_doors, shop_fountains, uniq_maurice
D:9:      layout_basic, enter_bailey_3, basic_altar
D:10:     layout_grid_maze, minmay_lair_entry_grove, david_orc_5, serial_shops,
          nicolae_shop_stone
Temple:   regret_index_temple_mists
Lair:1:   layout_regular_city, eino_small_chamber_without_monster,
          uniq_gastronok, uniq_fannar

Skill      XL: |  1  2  3  4  5  6  7  8  9 10 11 |
---------------+----------------------------------+-----
Dodging        | 1 2 |  2.0
Axes           | 3 4 5 6 8 9 10 | 10.6
Fighting       | 4 5 6 7 8 |  8.0
Armour         | 4 5 6 7 8 |  8.0
Shields        | 4 5 6 7 8 |  8.0
Invocations    | 3 5 |  5.1

Action                   |  1- 3 |  4- 6 |  7- 9 | 10-12 || total
-------------------------+-------+-------+-------+-------++-------
Melee: War axe           |   106 |   281 |   365 |   433 ||  1185
       Hand axe          |       |       |       |   144 ||   144
       Broad axe         |       |       |       |   133 ||   133
Throw: Dart              |       |    49 |    46 |    49 ||   144
Invok: Animate Dead      |       |       |       |     3 ||     3
Evoke: Wand              |       |       |     5 |    16 ||    21
  Use: Scroll            |     1 |     2 |     5 |     4 ||    12
       Potion            |       |     1 |     3 |     8 ||    12
 Stab: Distracted        |       |       |       |     1 ||     1
  Eat: Chunk             |     1 |     5 |    15 |    17 ||    38
       Ration            |       |     1 |     1 |     1 ||     3
Armor: Scale mail        |    58 |   125 |       |       ||   183
       Plate armour      |       |    28 |   290 |   310 ||   628
       Chain mail        |       |       |       |    62 ||    62
Dodge: Dodged            |    41 |    93 |    67 |   142 ||   343
Block: Shield            |    69 |   153 |   193 |   400 ||   815

Table legend:
 A = Non-vault XP
 B = Vault XP
 C = Vault XP percentage of total XP
 D = Non-vault monster count
 E = Vault monster count
 F = Vault count percentage of total count
                 A         B        C        D         E       F
            +---------+---------+-------+---------+---------+-------
      Total |    7299 |    4764 |  39.5 |     231 |     110 |  32.3
            +---------+---------+-------+---------+---------+-------
        D:1 |      30 |       0 |   0.0 |      17 |       0 |   0.0
        D:2 |     210 |       0 |   0.0 |      40 |       0 |   0.0
        D:3 |     212 |       4 |   1.9 |      25 |       1 |   3.8
        D:4 |     589 |     154 |  20.7 |      24 |       1 |   4.0
        D:5 |     761 |     738 |  49.2 |      14 |       4 |  22.2
        D:6 |    1244 |       0 |   0.0 |      34 |       0 |   0.0
        D:7 |    1154 |     257 |  18.2 |      19 |       2 |   9.5
        D:8 |     478 |     433 |  47.5 |      13 |       1 |   7.1
        D:9 |    1431 |     502 |  26.0 |      23 |       8 |  25.8
       D:10 |    1065 |    1460 |  57.8 |      21 |      28 |  57.1
     Lair:1 |     125 |       0 |   0.0 |       1 |       0 |   0.0
     Bailey |       0 |    1216 | 100.0 |       0 |      65 | 100.0
            +---------+---------+-------+---------+---------+-------
